 Dungeon Crawl Stone Soup version 0.30.1-9-gdf580d7c3d (webtiles) character file.

Game seed: 9656270599776602879

353 lonewolfV2 the Shield-Bearer (level 6, -1/48 HPs)
             Began as a Formicid Fighter on Sept 27, 2023.
             Slain by a black bear (7 damage)
             ... on level 4 of the Dungeon.
             The game lasted 00:04:28 (2379 turns).

lonewolfV2 the Shield-Bearer (Formicid Fighter)     Turns: 2379, Time: 00:04:29

Health: -1/48      AC:  7    Str: 20    XL:     6   Next: 94%
Magic:  6/6        EV: 10    Int:  8    God:
Gold:   130        SH:  5    Dex: 15    Spells: 5/5 levels left

rFire   + + .        a - +1 war axe
rCold   . . .        c - +0 buckler
rNeg    . . .        b - +0 scale mail
rPois   +            (helmet unavailable)
rElec   +            (no cloak)
rCorr   +            (no gloves)
SInv    +            (no boots)
Will    .....        m - amulet of regeneration Stlth
                     i - ring of fire
HPRegen 1.08/turn    (no ring)
MPRegen 0.10/turn

%: no passive effects
@: resistant
A: permanent stasis, dig shafts and tunnels, antennae 3, four strong arms
a: Dig, Shaft Self


You were on level 4 of the Dungeon.
You visited 1 branch of the dungeon, and saw 4 of its levels.

You collected 130 gold pieces.

Inventory:

Hand Weapons
 a - a +1 war axe (weapon)
Armour
 b - a +0 scale mail (worn)
 c - a +0 buckler (worn)
Jewellery
 e - a ring of protection from fire
 i - a ring of fire (left hand)
 m - an amulet of regeneration (around neck)
Scrolls
 d - a scroll of enchant armour {unknown}
 h - 2 scrolls of noise
 j - 2 scrolls of immolation
Potions
 f - a potion of brilliance
 k - a potion of heal wounds {unknown}
 l - a potion of ambrosia {unknown}
 n - a potion of curing
 o - a potion of flight {unknown}
 p - a potion of invisibility {unknown}


   Skills:
 + Level 4.1 Fighting
 + Level 4.4 Axes
 + Level 4.7 Armour
 + Level 1.3 Dodging
 + Level 0.1 Stealth
 + Level 5.3 Shields


You had 5 spell levels left.
You didn't know any spells.
Your spell library contained the following spells:

 Spells                   Type           Power      Damage    Failure   Level
 Kiss of Death            Conj/Necr      0%         2d5       82%         1
 Confusing Touch          Hex            0%         N/A       99%         3
 Dispel Undead            Necr           0%         3d6       100%        4
 Summon Lightning Spire   Summ/Air       0%         N/A       100%        4
 Storm Form               Tmut/Air       0%         N/A       100%        7
 Maxwell's Capacitive Co  Air            0%         ∞         100%        8


Dungeon Overview and Level Annotations

Branches:
Dungeon (4/15)
 Temple: D:4-7

Altars:
Vehumet

Shops:
D:1 =   D:3 :


Innate Abilities, Weirdness & Mutations

You cannot be hasted, slowed, berserked, paralysed or teleported.
You can dig through walls and to a lower floor.
You have a pair of large antennae on your head. (SInv)
Your four strong arms can wield two-handed weapons with a shield.


Message History

You completely miss the worm.
The worm is heavily wounded.
You hit the black bear. The black bear barely misses you.
The black bear claws you but does no damage.
The black bear closely misses you.
You hit the worm.
The worm is severely wounded.
You hit the black bear.
The black bear goes berserk!
You block the worm's attack.
You hit the worm.
The worm is almost dead.
You closely miss the black bear. The black bear bites you.
You block the black bear's attack. The black bear claws you.
The black bear bites you!
* * * LOW HITPOINT WARNING * * *
The black bear claws you.
* * * LOW HITPOINT WARNING * * *
The black bear claws you but does no damage.
The worm closely misses you.
The black bear bites you but does no damage.
The black bear barely misses you. x2
You feel better. The black bear closely misses you.
The black bear claws you but does no damage.
The black bear closely misses you. The worm misses you.
You barely miss the black bear.
The black bear is almost dead.
You hit the worm.
You kill the worm!
The black bear bites you. You block the black bear's attack.
The black bear claws you.
* * * LOW HITPOINT WARNING * * *
The black bear barely misses you. The black bear claws you.
* * * LOW HITPOINT WARNING * * *
You block the black bear's attack.
You closely miss the black bear.
The black bear is almost dead.
The black bear bites you but does no damage.
The black bear claws you but does no damage.
The black bear closely misses you. The black bear bites you!
You die...

### ###.. ##.#.#
##....######
###......#...
...........#
#...h†...###.#
#@.......# #....#####
#.# #.###..### #.#
#......# #.#
######'## #.# ##...##
#.# ##.....## ##.###
##.......## ##...)##
#.........####......#


You could see a black bear (berserk).

Vanquished Creatures
  Grinder (D:3)
  An iguana (D:4)
  3 adders
  4 ufetubi
  A worm (D:4)
  A dart slug (D:1)
  6 orcs (D:3)
  5 bats
  4 endoplasms
  2 giant cockroaches
  3 goblins
  7 hobgoblins
  4 jackals (D:2)
  2 quokkas
  5 ball pythons
  7 frilled lizards
  7 kobolds
  8 rats
71 creatures vanquished.

Notes
Turn   | Place    | Note
-------+----------+-------------------------------------------
     0 | D:1      | lonewolfV2 the Formicid Fighter began the quest for the
                  | Orb.
     0 | D:1      | Reached XP level 1. HP: 18/18 MP: 1/1
    84 | D:1      | Reached XP level 2. HP: 24/24 MP: 2/2
   130 | D:1      | Found Geosch's Jewellery Shop.
   313 | D:1      | Reached XP level 3. HP: 16/29 MP: 3/3
   818 | D:2      | Found a radiant altar of Vehumet.
   958 | D:2      | Reached XP level 4. HP: 31/35 MP: 4/4
  1223 | D:2      | Found a faded altar of an unknown god.
  1297 | D:3      | Noticed Grinder
  1323 | D:3      | Killed Grinder
  1324 | D:3      | Reached skill level 1 in Dodging
  1324 | D:3      | Reached skill level 5 in Shields
  1324 | D:3      | Reached XP level 5. HP: 19/42 MP: 5/5
  1324 | D:3      | Reached XP level 6. HP: 22/48 MP: 6/6
  1960 | D:3      | Found Nigitaed's Book Shoppe.
  2365 | D:4      | Noticed a black bear
  2379 | D:4      | Slain by a black bear

Illustrated notes

Levels and vault maps discovered:
D:1:      amcnicky_arrival_underground_garden, layout_rooms, serial_shops,
          nicolae_shop_window_shopping, minmay_tetromino_s2
D:2:      layout_basic, shapermc_ecumenical_altar_hornbeckon, basic_altar,
          hangedman_decor_peaks_small
D:3:      layout_basic, serial_shops, shop, grunt_decor_arrowhead,
          grunt_decor_fettered, uniq_grinder
D:4:      layout_loops_corners, mainiacjoe_overflow_24_doors, minmay_bisected,
          uniq_eustachio

Skill      XL: |  1  2  3  4 |
---------------+-------------+-----
Armour         | 4 |  4.7
Axes           | 4 |  4.4
Fighting       | 4 |  4.1
Dodging        | 1 |  1.3
Shields        | 5 |  5.3
Stealth        | |  0.1

Action                     |  1- 3 |  4- 6 || total
---------------------------+-------+-------++-------
  Melee: War axe           |    74 |   131 ||   205
    Use: Scroll            |     4 |     6 ||    10
         Potion            |       |     5 ||     5
 Armour: Scale mail        |    51 |    87 ||   138
  Dodge: Dodged            |    53 |    74 ||   127
  Block: Buckler           |    26 |    48 ||    74
